Map: [ESL] Royal Blood

Players

YoungYakov

  • Race: Zerg Zerg
  • Spawn Location: 1:00

Reynor - Winner!

  • Race: Zerg Zerg
  • Spawn Location: 7:00

Event: ESL SC2 Masters 2023 Summer (Regionals)

VOD

Have the link to the VOD?

Description

Time

  • Played on: May 3, 2023, 11:08 a.m.
  • Length: 5:54

All games in this series

Show
View Real Time Build Order
Export as new Build Order

YoungYakov Zerg 

Build Orders: Hatch First, Zergling Baneling 

Get SALT Encoding   

  12  0:00  Drone  
  13  0:13  Overlord  
  13  0:17  Drone  
  14  0:31  Drone x2  
  16  0:47  Hatchery  
  15  0:51  Drone  
  15  0:55  Drone  
  17  0:58  Drone  
  18  1:09  Extractor  
  17  1:13  Spawning Pool  
  17  1:17  Drone  
  17  1:20  Drone  
  18  1:28  Drone  
  19  1:39  Drone  
  20  1:50  Drone  
  21  2:00  Queen x2  
  21  2:01  Overlord  
  25  2:02  Zergling x2  
  26  2:11  Drone  
  26  2:12  Drone, Metabolic Boost  
  28  2:21  Drone  
  28  2:22  Drone  
  30  2:32  Hatchery  
  30  2:36  Drone  
  30  2:42  Drone x2  
  32  2:47  Drone  
  33  2:51  Baneling Nest  
  33  2:55  Overlord  
  33  2:57  Drone  
  33  3:01  Queen  
  33  3:04  Drone  
  36  3:14  Zergling x10  
  36  3:19  Overlord  
  41  3:20  Zergling x2  
  41  3:23  Drone  
  41  3:24  Drone  
  44  3:35  Baneling x2  
  44  3:41  Drone x3  
  47  3:49  Zergling x4  
  48  3:55  Baneling  
  48  3:57  Zergling x8  
  52  4:03  Overlord  
  52  4:06  Zergling x4  
  53  4:11  Overlord  
  53  4:13  Baneling  
  53  4:14  Baneling  
  53  4:15  Drone  
  53  4:16  Overlord  
  54  4:23  Baneling  
  52  4:25  Drone x2  
  52  4:26  Zergling x8  
  52  4:30  Baneling  
  52  4:31  Baneling  
  56  4:32  Drone  
  56  4:37  Extractor, Overlord  
  56  4:38  Drone x3, Roach Warren  
  58  4:41  Drone  
  58  4:42  Drone  
  60  4:47  Drone  
  60  4:48  Evolution Chamber  
  59  4:54  Baneling  
  59  4:55  Baneling  
  59  4:57  Overlord  
  59  4:58  Baneling  
  59  5:03  Zergling x6  
  59  5:07  Overlord x2, Baneling  
  54  5:18  Roach x3  
  54  5:19  Zergling x14  
  58  5:28  Roach x2  
  58  5:30  Zergling x2  
  58  5:31  Zergling x6  
  60  5:36  Zergling x2  
  60  5:37  Zergling x2  
Show
View Real Time Build Order
Export as new Build Order

Reynor Zerg - Winner!

Build Orders: Hatch First, Zergling Baneling 

Get SALT Encoding   

  12  0:00  Drone  
  13  0:12  Overlord  
  13  0:16  Drone  
  14  0:30  Drone x2  
  16  0:47  Hatchery  
  15  0:51  Drone  
  15  0:55  Drone  
  17  0:58  Drone  
  18  1:09  Extractor  
  17  1:13  Spawning Pool  
  17  1:16  Drone  
  17  1:19  Drone  
  18  1:28  Drone  
  19  1:38  Drone  
  20  1:48  Overlord  
  20  2:00  Queen x2, Drone x2  
  26  2:10  Zergling x2, Metabolic Boost  
  26  2:12  Drone  
  28  2:21  Drone x2  
  30  2:33  Hatchery  
  30  2:35  Drone  
  30  2:38  Drone  
  31  2:44  Zergling x2  
  31  2:45  Overlord  
  32  2:53  Drone x2, Evolution Chamber  
  33  2:59  Queen  
  33  3:04  Drone  
  36  3:11  Zergling x8  
  36  3:12  Zergling x2  
  41  3:18  Overlord  
  41  3:21  Drone x2  
  43  3:29  Zerg Ground Armor Level 1  
  43  3:32  Drone  
  44  3:37  Zergling x4  
  44  3:40  Zergling x6  
  48  3:55  Zergling x4  
  48  3:56  Zergling x4  
  48  3:58  Overlord  
  48  3:59  Baneling Nest  
  48  4:02  Drone  
  51  4:03  Drone  
  51  4:04  Extractor, Drone  
  51  4:08  Drone  
  53  4:13  Drone x2  
  53  4:14  Drone  
  53  4:16  Zergling x4  
  58  4:17  Zergling x4  
  57  4:24  Zergling x4  
  57  4:29  Overlord  
  57  4:31  Zergling x4  
  60  4:38  Zergling x2  
  60  4:41  Zergling x4  
  60  4:44  Baneling x7  
  63  4:47  Baneling  
  63  4:48  Zergling x2  
  63  4:50  Zergling x2  
  63  4:52  Zergling x2  
  66  4:57  Baneling  
  66  4:58  Baneling  
  66  4:59  Zergling x8  
  70  5:00  Zergling x4  
  70  5:01  Zergling x2  
  70  5:04  Baneling x2  
  70  5:05  Overlord  
  67  5:16  Zergling x12  
  70  5:24  Baneling x4  
  65  5:29  Zergling x12  
  65  5:34  Zergling x6  
Tags
 
Add a new tag
Caveats
  • Supply blocks, unpowered buildings, or Contaminate may cause inaccurate times.
  • Supply counts are checked every 10 seconds.